 Dungeon Sprint DCSS version 0.31-a0-925-g0a390f2509 (webtiles) character file.

Game seed: 16308443121416355139

7733 sircluck the Brawler (level 11, -8/127 HPs)
             Began as a Troll Berserker on Oct 19, 2023.
             Was an Elder of Trog.
             Mangled by Harold
             ... wielding a +0 heavy war axe
              (22 damage)
             ... in the Dungeon (Sprint VII: "The Pits").
             The game lasted 00:04:54 (1122 turns).

sircluck the Brawler (Troll Berserker)              Turns: 1122, Time: 00:04:55

Health: -8/127     AC: 11    Str: 34 (35) XL:     11   Next: 0%
Magic:  6/10       EV: 12    Int:  2      God:    Trog [****..]
Gold:   0          SH:  0    Dex:  8 (11) Spells: 10/10 levels left

rFire   . .          .
                       - Unarmed
rCold   . . .        (no shield)
rNeg    . . .        n - +0 acid dragon scales
rPois   .            m - +2 hat
rElec   .            (no cloak)
rCorr   +            (gloves unavailable)
SInv    .            (boots unavailable)
Will    .....        (no amulet)
Stlth   +            l - +3 ring of dexterity
HPRegen 1.21/turn    (no ring)
MPRegen 0.12/turn

%: no teleportation, random rage (3%)
@: slowed, very slow
A: large, unfitting armour, claws 3, regeneration 1, shaggy fur 1, tough skin 1,
berserk 1, screaming 1, strong 1
a: Renounce Religion, Berserk, Trog's Hand, Brothers in Arms


You were in the Dungeon.
You worshipped Trog.
Trog was greatly pleased with you.
You visited 1 branch

Inventory:

Armour
 a - a +0 animal skin
 m - a +2 hat (worn)
 n - +0 acid dragon scales (worn)
Jewellery
 k - a +3 ring of intelligence
 l - a +3 ring of dexterity (left claw)
Scrolls
 i - 2 scrolls of vulnerability
 j - a scroll of butterflies
Potions
 b - 10 potions of curing
 c - 6 potions of heal wounds
 d - 2 potions of haste
 e - 4 potions of magic
 f - 4 potions of berserk rage
 h - 2 potions of invisibility


   Skills:
 + Level 13.2 Fighting
 + Level 4.9 Armour
 + Level 13.0 Dodging
 + Level 15.3 Unarmed Combat


You had 10 spell levels left.
You didn't know any spells.
Your spell library was empty.

Dungeon Overview and Level Annotations

Branches:
Dungeon (1/1)

Altars:
Ashenzari
Cheibriados
Dithmenos
Elyvilon
Fedhas
Gozag
Hepliaklqana
Kikubaaqudgha
Makhleb
Nemelex Xobeh
Okawaru
Qazlal
Ru
Sif Muna
Trog
Uskayaw
Vehumet
Wu Jian
Xom
Yredelemnul
Zin
The Shining One
Jiyva
Lugonu

Annotations:
D Harold


Innate Abilities, Weirdness & Mutations

You are too large for most types of armour.
You have claws for hands.
Your natural rate of healing is unusually fast.
You are covered in fur. (AC +1)
You have tough skin. (AC +1)
You sometimes lose your temper in combat.
You occasionally shout uncontrollably at your foes.
Your muscles are strong. (Str +4, Int/Dex -1)


Message History

You claw the catoblepas!
The catoblepas is almost dead.
Your iron troll is engulfed in calcifying dust.
Something hits you! Something drains your vigour!
You feel as though you will be slow longer.
The catoblepas misses you.
Harold throws a throwing net.
Your iron troll is engulfed in calcifying dust.
Unknown command.
Unknown command.
You mangle the catoblepas!!
You kill the catoblepas!
Trog accepts your kill. Something hits you but does no damage.
Your iron troll is engulfed in calcifying dust.
Something hits you!
* * * LOW HITPOINT WARNING * * *
Something drains your vigour!
You feel as though you will be slow longer.
You feel your strength returning.
You feel your dexterity returning.
Your Dodging skill increases to level 13!
You have reached level 11!
Unknown command.
Unknown command.
Your ogre goes berserk!
Trog will no longer gift you weapons.
Harold hits you with a +0 heavy war axe!!
* * * LOW HITPOINT WARNING * * *
Harold hits your iron troll with a +0 heavy war axe!
Your iron troll is engulfed in calcifying dust.
Something hits you.
* * * LOW HITPOINT WARNING * * *
Something drains your vigour!
You feel as though you will be slow longer.
Your iron troll is engulfed in calcifying dust.
Unknown command.
Unknown command.
Your iron troll is engulfed in calcifying dust.
Harold hits you with a +0 heavy war axe!!
You die...
Harold sighs, "Nothing for old Harold but carpentry after this."

...#..#......##.......
.............# .......
'#####')###### #######
....##')############ ######
....##......'.)'...### .....
....##....).').).CY..## ....
<...##.....##)4##.§§).##
...#
....##...###.T(@###.Y..#
...#
....##..##..§...@.###§###..#
....##''#...#..#O..#...Y#@4#
######.............+....(..+
######''#...#..#...#....#..#
..[[##..##........###)###..#
..[[##...###....###....#
...#
..))##.....##..##.....##
...# ..))###....†'..'.....##
.... ..))# ###...'..'...###
.....


You could see Harold (ally target), an ice devil, a friendly iron troll
(summoned, berserk, petrified) and a friendly ogre (summoned, berserk).

Vanquished Creatures
  Gastronok (D)
  A hydra (D)
  A catoblepas (D)
  A sea snake (D)
  A lindwurm (D)
  A deep elf zephyrmancer (D)
  A rime drake (D)
  A guardian mummy (D)
  5 dream sheep (D)
  A ynoxinul (D)
  A fire bat (D)
  A redback (D)
  Edmund (D)
  A small abomination (D)
  A floating eye (D)
  A wolf (D)
  An ogre (D)
  A bullfrog (D)
  A necrophage (D)
  A scorpion (D)
  2 hounds (D)
  2 gnoll boudas (D)
  10 gnolls (D)
  An adder (D)
  2 river rats (D)
  A white imp (D)
  2 adder skeletons (D)
  An orc (D)
  A ball python (D)
  A bat skeleton (D)
  2 endoplasms (D)
  A goblin (D)
  A kobold (D)
  A quokka (D)
52 creatures vanquished.

Vanquished Creatures (collateral kills)
  An orc sorcerer (D)
  A red devil (D)
  A shadow (D)
  An acid dragon (D)
  An ogre (D)
  3 wolves (D)
  A hound (D)
  A gnoll bouda (D)
  A hell rat (D)
  2 orc wizards (D)
  5 gnolls (D)
  2 orcs (D)
20 creatures vanquished.

Grand Total: 72 creatures vanquished

Notes
Turn   | Place    | Note
-------+----------+-------------------------------------------
     0 | D        | sircluck the Troll Berserker began the quest for the Orb.
     0 | D        | Reached XP level 1. HP: 22/22 MP: 0/0
    30 | D        | Found a bloodstained altar of Trog.
    30 | D        | Found a shimmering blue altar of Sif Muna.
    30 | D        | Found a viscous altar of Jiyva.
    30 | D        | Found a hazy altar of Hepliaklqana.
    30 | D        | Found an opulent altar of Gozag.
    31 | D        | Found a glowing golden altar of the Shining One.
    31 | D        | Found a glowing silver altar of Zin.
    31 | D        | Found a basalt altar of Yredelemnul.
    31 | D        | Found a shimmering altar of Xom.
    31 | D        | Found an ornate altar of the Wu Jian Council.
    31 | D        | Found a sacrificial altar of Ru.
    31 | D        | Found a stormy altar of Qazlal.
    31 | D        | Found an iron altar of Okawaru.
    31 | D        | Found a sparkling altar of Nemelex Xobeh.
    31 | D        | Found a burning altar of Makhleb.
    31 | D        | Found a blossoming altar of Fedhas.
    31 | D        | Found a white marble altar of Elyvilon.
    31 | D        | Found a shadowy altar of Dithmenos.
    31 | D        | Found a snail-covered altar of Cheibriados.
    35 | D        | Found a corrupted altar of Lugonu.
    35 | D        | Found a radiant altar of Vehumet.
    36 | D        | Found a broken altar of Ashenzari.
    36 | D        | Found an ancient bone altar of Kikubaaqudgha.
    36 | D        | Found a hide-covered altar of Uskayaw.
    76 | D        | Reached XP level 2. HP: 31/31 MP: 1/1
    78 | D        | Reached ** piety under Trog
    79 | D        | Reached skill level 4 in Unarmed Combat
    91 | D        | Reached XP level 3. HP: 39/39 MP: 2/2
   110 | D        | Reached *** piety under Trog
   185 | D        | Reached skill level 5 in Unarmed Combat
   189 | D        | Reached **** piety under Trog
   190 | D        | Reached XP level 4. HP: 25/49 MP: 3/3
   195 | D        | Reached skill level 5 in Fighting
   195 | D        | Reached skill level 6 in Unarmed Combat
   196 | D        | Noticed a bullfrog
   199 | D        | Reached skill level 5 in Dodging
   202 | D        | Reached ***** piety under Trog
   221 | D        | Killed a bullfrog
   222 | D        | Reached skill level 7 in Unarmed Combat
   222 | D        | Reached XP level 5. HP: 59/59 MP: 4/4
   300 | D        | Identified the +2 war axe of Ytiepaot {heavy, Stlth+} (Trog
                  | gifted it to you in the Dungeon)
   300 | D        | Received a gift from Trog
   301 | D        | Reached XP level 6. HP: 28/68 MP: 5/5
   346 | D        | Reached skill level 8 in Unarmed Combat
   348 | D        | Noticed a small abomination
   352 | D        | Killed a small abomination
   368 | D        | Noticed a ynoxinul
   368 | D        | Noticed a sea snake
   374 | D        | Killed a sea snake
   375 | D        | Reached skill level 10 in Unarmed Combat
   375 | D        | Reached XP level 7. HP: 81/81 MP: 6/6
   381 | D        | Killed a ynoxinul
   382 | D        | Reached XP level 8. HP: 92/92 MP: 7/7
   412 | D        | Gained mutation: You occasionally shout uncontrollably at
                  | your foes. [potion of mutation]
   412 | D        | Gained mutation: You sometimes lose your temper in combat.
                  | [potion of mutation]
   412 | D        | Gained mutation: Your muscles are strong. (Str +4, Int/Dex
                  | -1) [potion of mutation]
   438 | D        | Reached skill level 11 in Unarmed Combat
   490 | D        | Noticed a deep elf zephyrmancer
   490 | D        | Noticed Gastronok
   497 | D        | Killed a deep elf zephyrmancer
   497 | D        | Reached ****** piety under Trog
   497 | D        | Received a gift from Trog
   498 | D        | Reached skill level 10 in Fighting
   498 | D        | Reached skill level 10 in Dodging
   505 | D        | Killed Gastronok
   506 | D        | Reached skill level 13 in Unarmed Combat
   506 | D        | Reached XP level 9. HP: 72/105 MP: 8/8
   657 | D        | Noticed an orc sorcerer
   663 | D        | Killed an orc sorcerer
   670 | D        | Received a gift from Trog
   674 | D        | Noticed a red devil
   679 | D        | Killed a red devil
   686 | D        | Reached XP level 10. HP: 115/115 MP: 9/9
   686 | D        | Received a gift from Trog
   689 | D        | Reached skill level 14 in Unarmed Combat
   694 | D        | Received a gift from Trog
   758 | D        | Noticed Edmund
   764 | D        | Killed Edmund
   768 | D        | Reached skill level 1 in Armour
   781 | D        | Noticed a lindwurm
   791 | D        | Killed a lindwurm
   874 | D        | Noticed a six-headed hydra
   887 | D        | Killed an 11-headed hydra
   889 | D        | Received a gift from Trog
   890 | D        | Reached skill level 15 in Unarmed Combat
  1081 | D        | Noticed Harold
  1081 | D        | Noticed a catoblepas
  1120 | D        | Killed a catoblepas
  1121 | D        | Reached XP level 11. HP: 34/127 MP: 5/10
  1122 | D        | Mangled by Harold

Illustrated notes

Levels and vault maps discovered:
D:        pitsprint [storerooms_1, entrance_room_1, metal_vault_4, armoury_3,
          mini_pit_1, grid_room_1, main_hall_1, silver_pit, the_coven_3,
          the_vestibule_1, steel_vault_3, golden_pit, hallway_of_sentries,
          crystal_vault_1, iron_vault_1, final_vault]

Skill      XL: |  1  2  3  4  5  6  7  8  9 10 |
---------------+-------------------------------+-----
Fighting       | 3 4 6 8 9 11 13 | 13.2
Dodging        | 3 4 6 8 9 11 13 | 13.0
Unarmed Combat | 4 5 7 10 13 15 | 15.3
Armour         | 4 |  4.9

Action                     |  1- 3 |  4- 6 |  7- 9 | 10-12 || total
---------------------------+-------+-------+-------+-------++-------
  Melee: Unarmed           |    29 |    53 |    24 |    46 ||   152
         Punch             |       |     1 |     1 |     1 ||     3
 Invoke: Berserk           |       |     3 |     1 |     1 ||     5
         Brothers in Arms  |       |       |     1 |     5 ||     6
    Use: Potion            |       |     2 |     1 |       ||     3
         Scroll            |       |       |       |     1 ||     1
 Armour: Animal skin       |    17 |    43 |    18 |       ||    78
         Acid dragon scale |       |       |       |    86 ||    86
  Dodge: Dodged            |    10 |    23 |    13 |    23 ||    69

Table legend: (Time is in decaauts)
 A = Elapsed time spent in this place.
 B = Non-inter-level travel time spent in this place.
 C = Inter-level travel time spent in this place.
 D = Time resting spent in this place.
 E = Time spent auto-exploring this place.
 F = Levels seen in this place.
 G = Mean time per level.
                   A        B        C        D        E       F      G
               +--------+--------+--------+--------+--------+-----+--------+
         Total |   1171 |   1147 |     24 |    520 |    196 |   1 | 1171.0 |
       Dungeon |   1171 |   1147 |     24 |    520 |    196 |   1 | 1171.0 |
               +--------+--------+--------+--------+--------+-----+--------+

Top non-repeatable levels by time:
       D: 1171 daAuts
